[gd_scene load_steps=10 format=2]

[ext_resource path="res://Resources/Sprites/PrototypeSprites/white_circle.png" type="Texture" id=1]
[ext_resource path="res://Nodes/Actors/ShootingEnemy.gd" type="Script" id=2]
[ext_resource path="res://Nodes/health.tscn" type="PackedScene" id=3]
[ext_resource path="res://Nodes/UI/Healthbar.tscn" type="PackedScene" id=4]
[ext_resource path="res://Assets/ShootingEnemy.png" type="Texture" id=5]
[ext_resource path="res://Nodes/Actors/ColorIndicator.tscn" type="PackedScene" id=6]

[sub_resource type="CircleShape2D" id=1]
radius = 32.0

[sub_resource type="CircleShape2D" id=2]

[sub_resource type="CircleShape2D" id=3]
radius = 1936.0

[node name="ShootingEnemy" type="KinematicBody2D" groups=[
"Enemy",
]]
collision_layer = 8
collision_mask = 32
script = ExtResource( 2 )
shield_size = 7.0

[node name="CollisionShape2D" type="CollisionShape2D" parent="."]
visible = false
shape = SubResource( 1 )

[node name="Body" type="Node2D" parent="."]

[node name="Node2D" type="Node2D" parent="Body"]

[node name="ShootingEnemy" type="Sprite" parent="Body/Node2D"]
position = Vector2( 9.53674e-07, 4.33681e-19 )
rotation = -1.57079
scale = Vector2( 0.5, 0.5 )
texture = ExtResource( 5 )

[node name="ColorIndicator" parent="Body/Node2D" instance=ExtResource( 6 )]
position = Vector2( -14.252, -2.00098 )
scale = Vector2( 0.906742, 0.906742 )

[node name="Node" type="Node" parent="."]

[node name="point" type="Node2D" parent="Node"]

[node name="Sprite" type="Sprite" parent="Node/point"]
visible = false
modulate = Color( 1, 0, 0, 1 )
scale = Vector2( 0.2, 0.2 )
texture = ExtResource( 1 )

[node name="ChangeAngleToPlayer" type="Timer" parent="."]
wait_time = 3.0
autostart = true

[node name="ShootTimer" type="Timer" parent="."]

[node name="health" parent="." groups=[
"EnemyBody",
] instance=ExtResource( 3 )]
collision_layer = 8
collision_mask = 65

[node name="CollisionShape2D" type="CollisionShape2D" parent="health"]
visible = false
position = Vector2( -15.5566, -1.68179 )
scale = Vector2( 3.334, 3.177 )
shape = SubResource( 2 )

[node name="Healthbar" parent="health" instance=ExtResource( 4 )]
margin_left = -65.0
margin_top = -100.0
margin_right = -65.0
margin_bottom = -100.0
rect_scale = Vector2( 0.1, 0.1 )

[node name="Trigger" type="Area2D" parent="."]
collision_layer = 8

[node name="CollisionShape2D" type="CollisionShape2D" parent="Trigger"]
shape = SubResource( 3 )

[connection signal="timeout" from="ChangeAngleToPlayer" to="." method="_on_ChangeAngleToPlayer_timeout"]
[connection signal="timeout" from="ShootTimer" to="." method="_on_ShootTimer_timeout"]
[connection signal="area_entered" from="Trigger" to="." method="trigger"]
[connection signal="area_exited" from="Trigger" to="." method="untrigger"]

[editable path="health/Healthbar"]
